 Dungeon Crawl Stone Soup version 0.27.1-33-g824d729ab1 (webtiles) character file.

Game seed: 7801606353720866789

8906 belegose the Fighter (level 11, -1/102 HPs)
             Began as a Djinni Artificer on Dec 30, 2021.
             Was a Believer of Makhleb.
             Slain by an eight-headed hydra (3 damage)
             ... on level 1 of the Lair of Beasts.
             The game lasted 00:36:39 (16066 turns).

belegose the Fighter (Djinni Artificer)            Turns: 16066, Time: 00:36:40

Health: -1/102     AC: 13    Str: 12    XL:     11   Next: 64%
Gold:   444        EV: 11    Int: 21    God:    Makhleb [**....] SH:  0 Dex: 14

rFire    x . .     SeeInvis .     - Unarmed
rCold    + + +     Faith    .   (shield currently unavailable)
rNeg     . . .     Spirit   .   (armour currently unavailable)
rPois    ∞         Reflect  .   (helmet currently unavailable)
rElec    .         Harm     .   (cloak currently unavailable)
rCorr    .         Rampage  .   (gloves currently unavailable)
Will     +....                  (boots unavailable)
Stlth    +++.......             (no amulet)
HPRegen  0.27/turn              s - +4 ring of protection
MPRegen  0.00/turn              Q - +6 ring of intelligence

@: ice-form, flying
A: freezing attack, flying, boosted hp, sickness immunity, large, (fire
resistance 2), (cold vulnerability 1), float, innate caster, hp casting, extra
vitality 1
a: End Transformation, Renounce Religion, Minor Destruction


You were on level 1 of the Lair of Beasts.
You worshipped Makhleb.
Makhleb was pleased with you.
You were a creature of crystalline ice.
You visited 3 branches of the dungeon, and saw 12 of its levels.
You also visited: Sewer.

You collected 464 gold pieces.
You spent 20 gold pieces at shops.

Inventory:

Hand Weapons
 a - a +4 dagger of draining (melded)
 b - a +3 mace of protection
 P - a +2 whip of electrocution
Missiles
 n - 128 stones (quivered)
 v - 38 poisoned darts
 N - a throwing net
 S - 9 boomerangs
Armour
 q - a +0 tower shield
 w - a +0 helmet (melded)
 D - +0 acid dragon scales (melded)
Jewellery
 s - a +4 ring of protection (left front paw)
 K - a ring of fire
 Q - a +6 ring of intelligence (right front paw)
Wands
 c - a wand of flame (3)
 d - a wand of charming (22)
 u - a wand of mindburst (17)
 F - a wand of polymorph (6)
 G - a wand of digging (5)
 L - a wand of acid (2)
Scrolls
 f - 2 scrolls of vulnerability {unknown}
 i - a scroll of summoning {unknown}
 j - 2 scrolls of fear {unknown}
 k - 2 scrolls of noise {unknown}
 m - 3 scrolls of magic mapping {unknown}
 p - a scroll of holy word {unknown}
 x - a scroll of enchant armour {unknown}
 y - 3 scrolls of amnesia {unknown}
 B - a scroll of torment {unknown}
 E - 2 scrolls of blinking {unknown}
 J - 2 scrolls of teleportation {unknown}
 O - 2 scrolls of immolation {unknown}
 R - a scroll of fog {unknown}
Potions
 g - a potion of haste {unknown}
 h - 2 potions of heal wounds
 l - a potion of invisibility
 o - 4 potions of curing
 t - a potion of resistance {unknown}
 z - 2 potions of brilliance
 A - a potion of magic {unknown}
 C - a potion of lignification {unknown}
 I - 2 potions of cancellation
 M - 2 potions of might
Miscellaneous
 e - a piece from Xom's chessboard (15/15)


   Skills:
 + Level 10.2 Fighting
 - Level 3.0 Armour
 - Level 4.3 Dodging
 - Level 4.3 Stealth
 + Level 7.2 Unarmed Combat
 + Level 7.8 Spellcasting
 - Level 3.0 Evocations


You had 11 spell levels left.
You knew the following spells:

 Your Spells              Type           Power      Damage    Failure   Level
a - Apportation           Tloc           80%        N/A       1%          1
b - Blink                 Tloc           N/A        N/A       1%          2
c - Call Canine Familiar  Summ           40%        N/A       1%          3
d - Ice Form              Ice/Tmut       40%        N/A       3%          4
e - Passage of Golubria   Tloc           N/A        N/A       3%          4
Your spell library was empty.

Dungeon Overview and Level Annotations

Branches:
Dungeon (10/15)            Temple (1/1) D:7            Lair (1/6) D:8
    Orc (0/2) D:9           Sewer (visited)

Altars:
Ashenzari
Cheibriados
Dithmenos
Elyvilon
Fedhas
Gozag
Hepliaklqana
Kikubaaqudgha
Makhleb
Nemelex Xobeh
Okawaru
Qazlal
Ru
Sif Muna
Uskayaw
Vehumet
Wu Jian
Xom
Yredelemnul
Zin
The Shining One
Beogh

Shops:
D:3 ?   D:6 [   D:7 *

Annotations:
D:9 3 runed translucent doors, exclusion: 3 doors, Icepheonix32's ghost, novice MfTm


Innate Abilities, Weirdness & Mutations

You are a creature of crystalline ice.
You have a powerful freezing melee attack.
You are flying.
Your maximum health is increased.
Your armour is entirely melded.
You are incapable of wielding weapons or throwing items.
You are immune to sickness and miasma.
You are immune to poison.
((Your flesh is very heat resistant. (rF++)))
((You are vulnerable to cold. (rC-)))
You float through the air rather than walking.
You learn spells naturally, not from books.
Your magical power is your life essence.
You have superior vitality. (+4 HP)


Message History

The eight-headed hydra closely misses you.
The eight-headed hydra bites you!
The eight-headed hydra bites you but does no damage.
The eight-headed hydra barely misses you.
The eight-headed hydra bites you!
The eight-headed hydra bites you but does no damage. x2
The eight-headed hydra bites you.
You pummel the eight-headed hydra!! You freeze the eight-headed hydra.
The eight-headed hydra is severely wounded.
The eight-headed hydra bites you.
The eight-headed hydra barely misses you.
The eight-headed hydra bites you.
The eight-headed hydra bites you but does no damage. x2
The eight-headed hydra bites you.
The eight-headed hydra closely misses you.
The eight-headed hydra bites you.
You hit the eight-headed hydra. You freeze the eight-headed hydra.
The eight-headed hydra is severely wounded.
The eight-headed hydra barely misses you.
The eight-headed hydra closely misses you.
The eight-headed hydra misses you. The eight-headed hydra bites you.
The eight-headed hydra bites you!
* * * LOW HITPOINT WARNING * * *
The eight-headed hydra bites you!
* * * LOW HITPOINT WARNING * * *
The eight-headed hydra completely misses you.
The eight-headed hydra bites you.
* * * LOW HITPOINT WARNING * * *
You punch the eight-headed hydra!
The eight-headed hydra seems to slow down.
You freeze the eight-headed hydra.
The eight-headed hydra is almost dead.
The eight-headed hydra bites you.
* * * LOW HITPOINT WARNING * * *
The eight-headed hydra bites you but does no damage. x2
The eight-headed hydra barely misses you.
The eight-headed hydra bites you!
* * * LOW HITPOINT WARNING * * *
The eight-headed hydra bites you.
You die...

.. ...(..
.#... [#)#
## ...# #
#.##...# ..
#?.D...#...
##.Y#P......
#........###
#...<......#
#.#######...
... . .....
...## ... .


You could see an eight-headed hydra (slow).

Vanquished Creatures
  Harold (D:7)
  Pikel (D:4)
  A cyclops (D:9)
  A komodo dragon (D:8)
  A hornet (D:6)
  A vampire (D:9)
  18 yaks
  Eustachio (D:3)
  A water moccasin (D:6)
  6 orc warriors
  A sky beast (D:5)
  2 necrophages
  2 ice beasts
  3 ogres
  5 centaurs
  3 phantoms
  A lemure (D:2)
  A kobold brigand (Sewer)
  A bullfrog (D:8)
  A gnoll sergeant (D:5)
  A wyvern zombie (D:6)
  A wyvern skeleton (D:6)
  A water moccasin skeleton (D:4)
  Dowan (D:7)
  4 killer bees (D:8)
  2 wights (D:8)
  2 howler monkeys (D:5)
  An electric eel (D:9)
  A jelly (D:7)
  5 orc priests
  3 bullfrog zombies
  4 centaur zombies
  3 hounds
  A bullfrog skeleton (D:5)
  Terence (D:3)
  7 orc wizards
  A killer bee zombie (D:8)
  A hound zombie (D:5)
  A mummy (D:8)
  3 howler monkey zombies
  Robin (D:3)
  5 gnolls (D:5)
  2 adders
  3 river rats
  3 shadow imps
  A white imp (D:3)
  An ufetubus (D:5)
  An adder skeleton (D:4)
  2 worms (D:3)
  3 dart slugs
  52 orcs
  5 ball pythons
  10 endoplasms
  5 giant cockroaches
  18 goblins
  11 hobgoblins
  6 jackals
  5 kobolds
  2 quokkas
  6 bats
  A frilled lizard (D:2)
  3 goblin skeletons (D:3)
  4 goblin zombies (D:3)
  2 hobgoblin zombies (D:3)
  2 kobold skeletons (D:3)
  A kobold zombie (D:3)
  An orc skeleton (D:3)
  An orc zombie (D:3)
  11 rats
264 creatures vanquished.

Vanquished Creatures (collateral kills)
  Duvessa (D:7)
  A river rat (Sewer)
2 creatures vanquished.

Vanquished Creatures (others)
  A sky beast (D:7)
  23 plants (D:8)
24 creatures vanquished.

Grand Total: 290 creatures vanquished

Notes
Turn   | Place    | Note
-------+----------+-------------------------------------------
     0 | D:1      | belegose the Djinni Artificer began the quest for the Orb.
     0 | D:1      | Reached XP level 1. HP: 17/17 MP: 0/0
   309 | D:1      | Reached skill level 1 in Stealth
   431 | D:1      | Reached XP level 2. HP: 22/22 MP: 0/0
   948 | D:1      | Reached XP level 3. HP: 24/27 MP: 0/0
   948 | D:1      | Learned a level 1 spell: Apportation
  1966 | D:2      | Found a sparkling altar of Nemelex Xobeh.
  2081 | D:2      | Reached skill level 1 in Spellcasting
  2081 | D:2      | Reached XP level 4. HP: 31/33 MP: 0/0
  2386 | D:2      | Reached skill level 2 in Fighting
  2556 | D:3      | Found Kuesiaw's Magic Scroll Emporium.
  2564 | D:3      | Bought a scroll of identify for 20 gold pieces
  2752 | D:3      | Found a glowing golden altar of the Shining One.
  3372 | D:3      | Reached XP level 5. HP: 25/39 MP: 0/0
  3372 | D:3      | Learned a level 2 spell: Blink
  3806 | D:3      | Found a basalt altar of Yredelemnul.
  3886 | D:3      | Noticed Terence
  4042 | D:4      | Noticed a phantom
  4111 | D:4      | Identified the +3 leather armour of the Moon {Dex+3}
  4151 | D:3      | Found a stormy altar of Qazlal.
  4224 | D:3      | Noticed a phantom
  4247 | D:3      | Killed a phantom
  4248 | D:3      | Reached XP level 6. HP: 24/45 MP: 0/0
  4513 | D:4      | Noticed an ogre
  4546 | D:4      | Killed an ogre
  4547 | D:4      | Reached skill level 3 in Fighting
  4663 | D:4      | Noticed Robin
  4695 | D:3      | Killed Robin
  4838 | D:3      | Reached XP level 7. HP: 39/50 MP: 0/0
  4838 | D:3      | Learned a level 3 spell: Call Canine Familiar
  5095 | D:4      | Noticed Pikel
  5383 | D:3      | Killed Terence
  5569 | D:4      | Killed Pikel
  5570 | D:4      | Reached skill level 4 in Fighting
  5570 | D:4      | Reached XP level 8. HP: 14/58 MP: 0/0
  5853 | D:4      | Noticed Eustachio
  6084 | D:3      | Killed Eustachio
  6305 | D:5      | Entered Level 5 of the Dungeon
  6396 | D:5      | Reached skill level 5 in Fighting
  6764 | D:5      | Found a glowing drain.
  6781 | D:5      | Reached XP level 9. HP: 47/66 MP: 0/0
  6781 | D:5      | Learned a level 4 spell: Ice Form
  6808 | Sewer    | Entered a sewer
  7035 | Sewer    | Reached skill level 6 in Fighting
  7067 | Sewer    | Found a white marble altar of Elyvilon.
  7557 | D:5      | Reached skill level 5 in Spellcasting
  7582 | D:5      | Reached skill level 7 in Fighting
  7928 | D:6      | Noticed a hornet
  7948 | D:6      | Killed a hornet
  7949 | D:6      | Reached skill level 1 in Unarmed Combat
  8477 | D:6      | Found Tinwuf's Armour Emporium.
  8990 | D:6      | Reached XP level 10. HP: 73/76 MP: 0/0
  9337 | D:7      | Found Cithrul's General Store.
  9339 | D:7      | Noticed Dowan
  9340 | D:7      | Noticed Duvessa
  9349 | D:7      | Killed Dowan
  9620 | D:7      | Killed Duvessa
  9884 | D:7      | Reached skill level 8 in Fighting
  9962 | D:7      | Noticed Harold
  9993 | D:7      | Killed Harold
 10509 | D:7      | Found a sparkling altar of Nemelex Xobeh.
 10682 | D:7      | Found a staircase to the Ecumenical Temple.
 10706 | Temple   | Entered the Ecumenical Temple
 11018 | Temple   | Became a worshipper of Makhleb the Destroyer
 11891 | D:8      | Noticed a komodo dragon
 11909 | D:8      | Killed a komodo dragon
 11910 | D:8      | Reached skill level 5 in Unarmed Combat
 12011 | D:8      | Found a staircase to the Lair.
 12174 | D:8      | Reached skill level 9 in Fighting
 13156 | D:8      | Reached * piety under Makhleb
 13157 | D:8      | Reached XP level 11. HP: 84/84 MP: 0/0
 13157 | D:8      | Learned a level 4 spell: Passage of Golubria
 13422 | D:8      | You are sucked into a shaft and drop 1 floor!
 13422 | D:9      | Found a staircase to the Orcish Mines.
 13591 | D:8      | Found a white marble altar of Elyvilon.
 13592 | D:8      | Found a sacrificial altar of Ru.
 13963 | D:9      | Found a runed translucent gate.
 13963 | D:9      | Found a runed translucent gate.
 13963 | D:9      | Found a runed translucent gate.
 13964 | D:9      | Noticed Icepheonix32's ghost (novice MfTm)
 14488 | D:9      | Noticed a cyclops
 14494 | D:9      | Killed a cyclops
 15408 | D:9      | Reached skill level 10 in Fighting
 15423 | D:9      | Reached ** piety under Makhleb
 15980 | D:10     | Entered Level 10 of the Dungeon
 16055 | Lair:1   | Entered Level 1 of the Lair of Beasts
 16056 | Lair:1   | Noticed an eight-headed hydra
 16066 | Lair:1   | HP: 2/102 [eight-headed hydra (12)]
 16066 | Lair:1   | Slain by an eight-headed hydra

Illustrated notes

Levels and vault maps discovered:
D:1:      heliophobic_arrival_ceremonial_halls, layout_basic,
          minmay_door_square, st_stairs_14
D:2:      layout_loops_ring, basic_altar
D:3:      layout_loops_cross, nicolae_qazlal_general_emergency,
          mainiacjoe_overflow_catwalk, nicolae_tso_besieged_by_evil,
          serial_shops, nicolae_shop_waterfront, uniq_terence
D:4:      layout_rooms, serial_rivers, chequers_serial_rivers_marsh,
          chequers_serial_rivers_large_b, chequers_serial_rivers_micro_d,
          chequers_serial_rivers_small_3, chequers_serial_rivers_micro_a,
          uniq_robin, uniq_eustachio, uniq_pikel
D:5:      minmay_angry_zag, layout_loops_ring, portal_sewer_entry_b
D:6:      layout_loops_corners, serial_shops, nicolae_square_shop
D:7:      layout_loops_corners, mainiacjoe_overflow_concentric_impassable,
          minmay_temple_entry_offerings, serial_shops, nicolae_stop_n_shop_1,
          kennysheep_generic_room_6, uniq_harold, uniq_duvessa
D:8:      layout_basic, nicolae_overflow_hidden_temple, david_lair_shrubbed,
          serial_undead, serial_undead_d, serial_undead_d, serial_undead_b,
          serial_undead_d, roderic_lattice_a
D:9:      layout_loops_ring, david_orc_5, ebering_ghost_rock_garden,
          lightli_minifort
D:10:     lemuel_bear_cage, layout_stronghold,
          mainiacjoe_overflow_surrounded_room
Temple:   regret_index_temple_generic_petals
Lair:1:   layout_misc_corridors

Skill      XL: |  1  2  3  4  5  6  7  8  9 10 11 |
---------------+----------------------------------+-----
Stealth        | 1 2 3 4 |  4.3
Spellcasting   | 1 2 3 4 5 6 7 |  7.8
Dodging        | 3 4 |  4.3
Fighting       | 2 3 4 5 7 9 10 | 10.2
Armour         | 2 3 |  3.0
Unarmed Combat | 2 5 7 |  7.2
Evocations     | |  3.0

Action                   |  1- 3 |  4- 6 |  7- 9 | 10-12 || total
-------------------------+-------+-------+-------+-------++-------
Melee: Club              |    10 |       |       |       ||    10
       Dagger            |    86 |   249 |   338 |     1 ||   674
       Mace              |       |       |   126 |   186 ||   312
       Punch             |       |       |     2 |     3 ||     5
       Unarmed           |       |       |       |   229 ||   229
 Fire: Hunting sling     |     2 |       |       |       ||     2
Throw: Dart              |       |       |       |     6 ||     6
       Stone             |       |       |       |     3 ||     3
 Cast: Call Canine Famil |       |       |     1 |     2 ||     3
       Ice Form          |       |       |       |    22 ||    22
Evoke: Wand              |       |     3 |     8 |     2 ||    13
       Piece from Xom's  |       |       |       |     1 ||     1
  Use: Scroll            |       |     2 |       |     4 ||     6
 Stab: Sleeping          |     3 |     1 |     3 |     9 ||    16
       Distracted        |       |     1 |     2 |     2 ||     5
Armor: Leather armour    |    28 |    45 |   198 |    51 ||   322
       Skin              |       |       |       |    85 ||    85
       Acid dragon scale |       |       |       |    71 ||    71
Dodge: Dodged            |    53 |   116 |   356 |   213 ||   738
Block: Tower shield      |       |     8 |       |       ||     8
